 Dungeon Crawl Stone Soup version 0.25.1-8-g42b30a86e7 (webtiles) character file.

Game seed: 12743973344711755222

112 hawla the Conjurer (level 4, 0/24 HPs)
             Began as a Deep Elf Conjurer on Dec 3, 2020.
             Succumbed to a worker ant's poison
             ... while paralysed by Grinder
             ... on level 3 of the Dungeon.
             The game lasted 00:07:27 (3238 turns).

hawla the Conjurer (Deep Elf Conjurer)              Turns: 3238, Time: 00:07:28

Health: 0/24       AC:  3    Str:  5    XL:     4   Next: 64%
Magic:  13/13      EV:  2    Int: 21    God:
Gold:   204        SH:  0    Dex: 15    Spells: 6/13 levels left

rFire    . . .     SeeInvis .   (no weapon)
rCold    . . .     Gourm    .   (no shield)
rNeg     . . .     Faith    .   a - +0 robe
rPois    .         Spirit   .   (no helmet)
rElec    .         Reflect  .   p - +0 cloak
rCorr    .         Harm     .   (no gloves)
MR       .....                  (no boots)
Stlth    ++........             i - amulet of the acrobat
HPRegen  0.08/turn              (no ring)
MPRegen  0.13/turn              (no ring)

@: paralysed, lethally poisoned (0 -> -21), hasted
A: no striking features
a: no special abilities


You were on level 3 of the Dungeon.
You were not hungry.

You visited 1 branch of the dungeon, and saw 4 of its levels.

You collected 204 gold pieces.

Inventory:

Missiles
 h - 14 boomerangs (quivered)
 s - 9 poisoned darts
Armour
 a - a +0 robe (worn)
 p - a +0 cloak (worn)
Jewellery
 i - an amulet of the acrobat (around neck)
 t - an uncursed ring of protection from cold {unknown}
Scrolls
 e - 2 scrolls of teleportation
 m - a scroll of noise {unknown}
 o - 6 scrolls of identify {unknown}
 r - 2 scrolls of random uselessness {unknown}
Potions
 b - a potion of haste
 d - a potion of berserk rage {unknown}
 f - a potion of resistance {unknown}
 g - a potion of cancellation {unknown}
 j - a potion of ambrosia {unknown}
 k - a potion of lignification {unknown}
 n - 2 potions of brilliance {unknown}
 q - a potion of stabbing {unknown}
Comestibles
 c - 8 rations
 l - 5 chunks of flesh


   Skills:
 - Level 2.4 Dodging
 - Level 2.4 Stealth
 + Level 5.1 Spellcasting
 + Level 5.6 Conjurations
 + Level 0.0 Translocations


You had 6 spell levels left.
You knew the following spells:

 Your Spells              Type           Power        Failure   Level  Hunger
a - Magic Dart            Conj           ####         1%          1    None
b - Searing Ray           Conj           ####..       1%          2    None
c - Iskenderun's Mystic   Conj/Tloc      ###.....     32%         4    ####...

Your spell library contained the following spells:

 Spells                   Type           Power        Failure   Level  Hunger
 Dazzling Flash           Conj/Hex       ###...       10%         3    ##.....
 Fulminant Prism          Conj/Hex       ###.......   32%         4    ####...


Dungeon Overview and Level Annotations

Branches:
Dungeon (4/15)
 Temple: D:4-7

Altars:
Cheibriados
Gozag

Annotations:
D:3 Grinder


Message History

You feel strangely unstable.
It was a scroll of teleportation.
The worker ant bites you.
You are lethally poisoned!
The worker ant poisons you! Grinder barely misses you.
It was a potion of haste.
You feel yourself speed up.
You feel sick.
The worker ant bites you but does no damage.
Grinder gestures at you.
You suddenly lose the ability to move!
You feel sick. The worker ant bites you.
* * * LOW HITPOINT WARNING * * *
Grinder blinks!
* * * LOW HITPOINT WARNING * * *
You feel sick. The worker ant barely misses you. The worker ant bites you.
* * * LOW HITPOINT WARNING * * *
You are more poisoned.
The worker ant poisons you!
Your surroundings suddenly seem different.
* * * LOW HITPOINT WARNING * * *
You feel sick.
You die...

...................#
...................#
.ยง.................#
.>.................#
a..................#
...................#
...................#
...................#
................@..#
.........###########
^........# ##########


There were no monsters in sight!

Vanquished Creatures
  Robin (D:3)
  2 adders
  A worm (D:2)
  2 dart slugs (D:1)
  2 leopard geckos
  An orc (D:3)
  A ball python (D:1)
  10 bats
  3 giant cockroaches
  16 goblins
  11 hobgoblins
  5 frilled lizards
  4 kobolds
  8 rats
67 creatures vanquished.

Notes
Turn   | Place    | Note
-------+----------+-------------------------------------------
     0 | D:1      | hawla the Deep Elf Conjurer began the quest for the Orb.
     0 | D:1      | Reached XP level 1. HP: 10/10 MP: 6/6
   161 | D:1      | Reached XP level 2. HP: 15/15 MP: 1/8
  1198 | D:1      | Reached skill level 5 in Conjurations
  1198 | D:1      | Reached XP level 3. HP: 19/19 MP: 8/10
  1202 | D:1      | Learned a level 2 spell: Searing Ray
  1592 | D:2      | Found a snail-covered altar of Cheibriados.
  1873 | D:2      | Found an opulent altar of Gozag.
  2394 | D:3      | Reached XP level 4. HP: 24/24 MP: 7/12
  2508 | D:3      | Noticed Robin
  2623 | D:3      | Killed Robin
  2623 | D:3      | Reached skill level 5 in Spellcasting
  3030 | D:3      | Learned a level 4 spell: Iskenderun's Mystic Blast
  3226 | D:4      | Noticed Grinder
  3234 | D:3      | Paralysed by Grinder for 7 turns
  3237 | D:3      | HP: 1/24 [poisoned by a worker ant]
  3238 | D:3      | Succumbed to a worker ant's poison

Illustrated notes

Levels and vault maps discovered:
D:1:      grunt_arrival_lava_bath, layout_loops_corners, serial_forest,
          infiniplex_forest_lined_3, infiniplex_forest_clump_small,
          infiniplex_forest_corner_1, infiniplex_forest_straight_1,
          infiniplex_forest_clump_C, infiniplex_forest_straight_3,
          infiniplex_forest_straight_3, infiniplex_forest_lined_1,
          infiniplex_forest_end_3, minmay_tetromino_i4
D:2:      layout_basic, cheibriados_altar_1, first_ration, grunt_gozag_statues
D:3:      layout_basic, uniq_robin
D:4:      layout_rooms, marbit_many_paths, kennysheep_little_box,
          nicolae_ru_sacrificial_ziggurat, uniq_grinder, uniq_sigmund

Skill      XL: |  1  2  3  4 |
---------------+-------------+-----
Spellcasting   | 4 5 |  5.1
Conjurations   | 5 |  5.6
Dodging        | |  2.4
Stealth        | |  2.4

Action                   |  1- 3 |  4- 6 || total
-------------------------+-------+-------++-------
 Cast: Magic Dart        |    68 |    24 ||    92
       Searing Ray       |    11 |    10 ||    21
  Use: Scroll            |       |     2 ||     2
       Potion            |       |     1 ||     1
  Eat: Chunk             |     4 |     3 ||     7
Armor: Robe              |     3 |     2 ||     5
Dodge: Dodged            |     4 |     7 ||    11
